 Dungeon Crawl Stone Soup version 0.30.0-29-ga12c61a403 (webtiles) character file.

Game seed: 1057134517102600858

2012 hawla the Basher (level 9, -4/63 HPs)
             Began as a Meteoran Fire Elementalist on June 6, 2023.
             Was an Initiate of Vehumet.
             Slain by a gnoll sergeant
             ... wielding a +0 halberd
              (16 damage)
             ... in a bailey.
             The game lasted 00:15:26 (2394 turns).

hawla the Basher (Meteoran Fire Elementalist)       Turns: 2394, Time: 00:15:27

Health: -4/63      AC:  5    Str: 12    XL:     9   Next: 74%
Magic:  8/17       EV: 18    Int: 24    God:    Vehumet [......]
Gold:   85         SH:  0    Dex: 14    Spells: 5/17 levels left

rFire   . . .        p - +9 hammer "Deocuehi" {venom, rN+ Int+4}
rCold   + . .        (no shield)
rNeg    + . .        a - +0 robe
rPois   .            (no helmet)
rElec   .            r - +0 cloak
rCorr   .            j - +0 pair of gloves
SInv    .            f - +0 pair of boots
Will    +....        v - amulet of regeneration
Stlth   +            i - +5 ring of evasion
HPRegen 1.10/turn    l - ring of protection from cold
MPRegen 0.15/turn

%: no passive effects
@: very slightly contaminated, glowing
A: sense surroundings 2, otherworldly, glowing, explore regen
a: Renounce Religion


You were in a bailey.
You worshipped Vehumet.
Vehumet was noncommittal.
You visited 2 branches of the dungeon, and saw 8 of its levels.
You also visited: Bailey.

You collected 85 gold pieces.

Inventory:

Hand Weapons
 o - a +0 flail of holy wrath
 p - the +9 hammer "Deocuehi" (weapon) {venom, rN+ Int+4}
   (You found it on level 5 of the Dungeon)

   Int:       It affects your intelligence (+4).
   rN:        It protects you from negative energy.
 q - a +3 quarterstaff of chaos
Armour
 a - a +0 robe (worn)
 f - a +0 pair of boots (worn)
 j - a +0 pair of gloves (worn)
 r - a +0 cloak (worn)
Jewellery
 c - a +4 ring of slaying
 i - a +5 ring of evasion (left hand)
 k - the ring of the Everdark {rElec rF+ rC+ rN+}
   (You acquired it on level 6 of the Dungeon)

   [ring of protection from fire]

   rF:        It protects you from fire.
   rC:        It protects you from cold.
   rElec:     It insulates you from electricity.
   rN:        It protects you from negative energy.
 l - a ring of protection from cold (right hand)
 v - an amulet of regeneration (around neck)
Wands
 e - a wand of quicksilver (17) (quivered)
 t - a wand of paralysis (8)
 u - a wand of mindburst (10)
Scrolls
 h - 3 scrolls of teleportation
 m - a scroll of identify
 s - a scroll of amnesia
 x - a scroll of blinking
Potions
 b - 2 potions of magic
 d - 2 potions of flight
 g - a potion of haste
 n - 2 potions of mutation {unknown}
 w - a potion of invisibility {unknown}


   Skills:
 - Level 0.8 Fighting
 + Level 11.7 Maces & Flails
 - Level 3.3 Dodging
 - Level 1.4 Stealth
 - Level 4.6 Spellcasting
 - Level 6.0 Conjurations
 - Level 6.0 Fire Magic


You had 5 spell levels left.
You knew the following spells:

 Your Spells              Type           Power      Damage    Failure   Level
a - Foxfire               Conj/Fire      100%       2x1d9     1%          1
b - Scorch                Fire           68%        2d8       1%          2
c - Flame Wave            Conj/Fire      34%        2d10      8%          4
d - Fireball              Conj/Fire      17%        3d9       22%         5

Your spell library contained the following spells:

 Spells                   Type           Power      Damage    Failure   Level
 Inner Flame              Hex/Fire       20%        N/A       8%          3
 Volatile Blastmotes      Fire/Tloc      40%        2d13      8%          3
 Sting                    Tmut/Pois      20%        1d4       9%          1
 Summon Small Mammal      Summ           20%        N/A       9%          1
 Poisonous Vapours        Pois/Air       10%        N/A       14%         2
 Call Canine Familiar     Summ           5%         N/A       26%         3
 Summon Guardian Golem    Hex/Summ       5%         N/A       26%         3
 Olgreb's Toxic Radiance  Pois           5%         N/A       65%         4
 Starburst                Conj/Fire      17%        6d6       75%         6
 Plasma Beam              Fire/Air       10%        2x1d23    99%         6


Dungeon Overview and Level Annotations

Branches:
Dungeon (7/15) Zot: 1880   Temple (1/1) D:6 Zot: 560  Bailey (1/1) Zot: 560

Altars:
Ashenzari
Cheibriados
Dithmenos
Elyvilon
Fedhas
Gozag
Hepliaklqana
Kikubaaqudgha
Makhleb
Nemelex Xobeh
Ru
Trog
Vehumet
Wu Jian
Xom
Zin

Shops:
D:5 *


Innate Abilities, Weirdness & Mutations

You passively map the area around you.
You are easily found by Zot.
You glow in the dark.
You regain HP and MP as you explore.


Message History

The gnoll bouda barks out a call to the hunt!
The gnolls pick up the pace!
The gnoll hits you from afar with a +0 halberd.
There is an open door, spattered with blood here.
The gnoll misses you.
Casting: Scorch (safe; 1% risk of failure)
Confirm with . or Enter, or press ? or * to list all spells.
Casting: Flame Wave (dangerous; 8% risk of failure)
Press: ? - help, Dir - look around, f - activate You miscast Flame Wave.
You are very lightly contaminated with residual magic.
Nothing appears to happen.
The gnoll hits you but does no damage.
The gnoll sergeant hits you from afar with a +0 glaive!
The gnoll sergeant hits you from afar with a +0 halberd!
The gnoll misses you.
Casting: Flame Wave (dangerous; 8% risk of failure)
Confirm with . or Enter, or press ? or * to list all spells.
Casting: Flame Wave (dangerous; 8% risk of failure)
Press: ? - help, Dir - look around, f - activate A wave of flame ripples out!
The flame wave engulfs the gnoll!
You kill the gnoll!
Vehumet accepts your kill. (Press . to intensify the flame waves.)
The gnoll sergeant hits you from afar with a +0 glaive!
The gnoll sergeant hits you from afar with a +0 halberd.
The gnoll closely misses you.
A wave of flame ripples out!
The flame wave engulfs the gnoll sergeant!
The gnoll sergeant is heavily wounded.
The flame wave engulfs the gnoll!
The gnoll is severely wounded.
The flame wave engulfs the gnoll sergeant!
The gnoll sergeant is moderately wounded.
The flame wave engulfs the gnoll bouda!
The gnoll bouda is heavily wounded.
You hear a shout! x3; You hear a howl! x2; You hear a shout!
The gnoll sergeant hits you from afar with a +0 glaive!
* * * LOW HITPOINT WARNING * * *
The gnoll sergeant hits you from afar with a +0 halberd!
You die...

♣♣≈≈≈≈≈≈≈)).≈≈≈≈≈≈≈
*
♣≈≈...............≈
*
♣≈.................
♣≈.######'''######.
♣≈.# , #...# ♣≈##*
* #...# * * * ♣≈ ,
#...#, , * ♣≈ 8
##'## ,, ♣≈ , #.@.#
, ♣≈ *#..)..#*,, ♣≈
#..gggg.# * ♣≈* *
#..$8$..# * * ~
,,,#.......#,,
##.....## ##...## ~
* ,,##+## ,, *~ *~
,, , , ~


You could see 2 gnoll sergeants, a gnoll bouda and a gnoll (swift).

Vanquished Creatures
  A wyvern (D:7)
  Menkaure (D:5)
  Duvessa (D:5)
  A water moccasin (D:6)
  A sky beast (D:6)
  A black bear (D:5)
  An ogre (D:6)
  A phantom (D:4)
  2 bullfrogs (D:7)
  3 scorpions
  Dowan (D:5)
  A howler monkey (D:5)
  An orc priest (D:4)
  A jelly (D:7)
  Crazy Yiuf (D:5)
  4 hounds
  A sleepcap (D:7)
  An iguana (D:5)
  12 orc wizards
  6 gnolls
  10 adders
  A shadow imp (D:7)
  2 worms (D:5)
  A dart slug (D:4)
  11 orcs
  6 ball pythons
  5 endoplasms
  A giant cockroach (D:4)
  7 goblins (D:4)
  7 hobgoblins
  8 jackals
  6 kobolds
  A quokka (D:4)
  A frilled lizard (D:3)
  3 rats (D:3)
112 creatures vanquished.

Vanquished Creatures (others)
  134 foxfires
134 creatures vanquished.

Grand Total: 246 creatures vanquished

Notes
Turn   | Place    | Note
-------+----------+-------------------------------------------
     0 | D:1      | hawla the Meteoran Fire Elementalist began the quest for
                  | the Orb.
     0 | D:1      | Reached XP level 1. HP: 14/14 MP: 5/5
    65 | D:2      | Found a faded altar of an unknown god.
    69 | D:2      | Reached XP level 2. HP: 20/20 MP: 2/6
   137 | D:2      | Reached XP level 3. HP: 16/26 MP: 3/8
   153 | D:2      | Learned a level 2 spell: Scorch
   276 | D:3      | Reached XP level 4. HP: 33/33 MP: 4/9
   288 | D:3      | Reached skill level 5 in Fire Magic
   331 | D:3      | Learned a level 4 spell: Flame Wave
   393 | D:4      | Noticed a phantom
   394 | D:4      | Reached XP level 5. HP: 10/38 MP: 1/10
   575 | D:4      | Killed a phantom
   576 | D:4      | Reached skill level 5 in Conjurations
   576 | D:4      | Reached XP level 6. HP: 43/45 MP: 5/12
   857 | D:5      | Entered Level 5 of the Dungeon
   872 | D:5      | Reached skill level 1 in Maces & Flails
   872 | D:5      | Reached XP level 7. HP: 51/51 MP: 4/13
   909 | D:5      | Identified the +9 hammer "Deocuehi" {venom, rN+ Int+4}
   912 | D:5      | Found a runed translucent door.
   913 | D:5      | Noticed Crazy Yiuf
   918 | D:5      | Killed Crazy Yiuf
  1079 | D:5      | Reached skill level 2 in Maces & Flails
  1257 | D:5      | Noticed Duvessa
  1258 | D:5      | Found Hooqocuo's Fire Supplies.
  1269 | D:5      | Killed Duvessa
  1270 | D:5      | Reached skill level 4 in Maces & Flails
  1270 | D:5      | Reached XP level 8. HP: 40/58 MP: 2/16
  1270 | D:5      | Noticed Dowan
  1280 | D:5      | Killed Dowan
  1334 | D:5      | Noticed Menkaure
  1339 | D:5      | Killed Menkaure
  1340 | D:5      | Reached skill level 6 in Maces & Flails
  1613 | D:5      | Learned a level 5 spell: Fireball
  1651 | D:6      | Reached skill level 7 in Maces & Flails
  1666 | D:6      | Found a sparkling altar of Nemelex Xobeh.
  1846 | D:6      | Gained mutation: You passively map the area around you.
                  | [Meteoran growth]
  1846 | D:6      | Reached XP level 9. HP: 59/63 MP: 12/17
  1849 | D:6      | Reached skill level 8 in Maces & Flails
  1883 | D:6      | Reached skill level 9 in Maces & Flails
  1884 | D:6      | Identified a scroll of acquirement
  1884 | D:6      | Acquired the ring of the Everdark {rElec rF+ rC+ rN+}
  1993 | D:6      | Reached skill level 10 in Maces & Flails
  2128 | D:6      | Found a staircase to the Ecumenical Temple.
  2137 | Temple   | Entered the Ecumenical Temple
  2137 | Temple   | Found a transporter.
  2137 | Temple   | Found a transporter.
  2139 | Temple   | Found a transporter.
  2139 | Temple   | Found a transporter.
  2162 | Temple   | Became a worshipper of Vehumet
  2243 | D:7      | Reached skill level 11 in Maces & Flails
  2341 | D:7      | Found a flagged portal.
  2355 | Bailey   | Entered a bailey
  2394 | Bailey   | Slain by a gnoll sergeant

Illustrated notes

Levels and vault maps discovered:
D:1:      wheals_arrival_linesprint, layout_basic,
          minmay_misc_feat_four_crosses, hangedman_decor_push
D:2:      layout_basic, nicolae_ecumenical_snake_handling, serial_shops, shop
D:3:      layout_basic, mainiacjoe_overflow_cross_hatched
D:4:      layout_cave_pools, minmay_goblin_outpost
D:5:      layout_loops_ring, nicolae_shop_fire_sale [nicolae_sub_dead_trees],
          uniq_menkaure, uniq_duvessa, uniq_crazy_yiuf_cottage
D:6:      minmay_flawed_box, layout_layer_cave, kennysheep_little_box,
          minmay_temple_entry_enclosed_plants
D:7:      minmay_polygon_palace, layout_basic,
          lemuel_mausoleum_altar_yredelemnul, amcnicky_altar_gilded,
          enter_bailey_2, minmay_misc_feat_tiny, uniq_maggie
Temple:   hellmonk_temple_divided_pantheon
Bailey:   bailey_polearm_gnolls_kennysheep, bailey

Skill      XL: |  1  2  3  4  5  6  7  8  9 |
---------------+----------------------------+-----
Fire Magic     | 4 5 6 |  6.0
Spellcasting   | 3 4 |  4.6
Conjurations   | 3 5 6 |  6.0
Dodging        | 3 |  3.3
Maces & Flails | 1 4 7 11 | 11.7
Fighting       | |  0.8
Stealth        | |  1.4

Action                     |  1- 3 |  4- 6 |  7- 9 || total
---------------------------+-------+-------+-------++-------
  Melee: Mace              |    13 |    38 |    47 ||    98
         Unarmed           |     1 |       |       ||     1
         Punch             |       |     1 |     1 ||     2
   Cast: Foxfire           |    19 |    40 |    23 ||    82
         Scorch            |     1 |    15 |    24 ||    40
         Flame Wave        |       |     2 |    14 ||    16
         Fireball          |       |       |     1 ||     1
    Use: Scroll            |       |     2 |     6 ||     8
         Potion            |       |       |     5 ||     5
 Armour: Robe              |     5 |     8 |    19 ||    32
         Skin              |       |       |    19 ||    19
  Dodge: Dodged            |    13 |    66 |    79 ||   158
